 Dungeon Crawl Stone Soup version 0.28-a0-429-g1448048969 (webtiles) character file.

Game seed: 5819452112554994165

221777 jasper the Warrior (level 18, -1/153 HPs)
             Began as a Demonspawn Cinder Acolyte on Sept 12, 2021.
             Was a High Priest of Fedhas.
             Drowned by a water elemental (6 damage)
             ... on level 1 of the Shoals.
             The game lasted 01:22:53 (38495 turns).

jasper the Warrior (Demonspawn Cinder Acolyte)     Turns: 38495, Time: 01:22:54

Health: -1/153     AC: 31    Str: 19    XL:     18   Next: 51%
Magic:  19/19      EV:  8    Int: 25    God:    Fedhas [*****.]
Gold:   519        SH: 31    Dex: 13    Spells: 17/19 levels left

rFire   . . .      SeeInvis +   u - +8 double sword (vorpal)
rCold   + + .      Faith    .   k - +5 kite shield {AC+3}
rNeg    . . .      Spirit   .   z - +5 storm dragon scales
rPois   +          Reflect  +   w - +0 mask of the Dragon {Will+ Slay+3 SInv}
rElec   +          Harm     .   N - +2 cloak {Stlth+}
rCorr   +          Rampage  .   J - +3 pair of gloves of Undesirable Species {rC+}
Will    ++++.                   (boots unavailable)
Stlth   ..........              U - amulet "Jyajumyg" {Reflect rC++ Int+4 Dex+2 SH+5}
HPRegen 0.35/turn               i - ring "Ylocai" {rPois rC- Will++ rCorr Int+4}
MPRegen 0.32/turn               X - +4 ring of slaying

@: lethally poisoned (-1 -> -6), engulfed (cannot breathe)
A: hooves 3, large bone plates 3, demonic guardian 3, magic regeneration, black
mark, bedeviling
}: 1/15 runes: serpentine
a: Renounce Religion, Wall of Briars, Grow Ballistomycete, Overgrow, Grow Oklob


You were on level 1 of the Shoals.
You worshipped Fedhas.
Fedhas was extremely pleased with you.
You visited 7 branches of the dungeon, and saw 32 of its levels.
You also visited: Gauntlet.

You collected 4353 gold pieces.
You spent 3834 gold pieces at shops.

Inventory:

Hand Weapons
 a - a +0 falchion of flaming
 u - a +8 vorpal double sword (weapon)
Missiles
 c - 1039 stones (quivered)
 m - 73 poisoned darts
 P - 5 curare-tipped darts
 R - a throwing net
Armour
 h - a +2 plate armour of willpower
 k - a +5 kite shield of protection (worn)
 w - the +0 mask of the Dragon (worn) {Will+ Slay+3 SInv}
   (You found it on level 1 of the Snake Pit)

   Slay:      It affects your accuracy & damage with ranged weapons and melee
   (+3).
   SInv:      It lets you see invisible.
   Will:      It increases your willpower.
 z - +5 storm dragon scales (worn)
 J - the +3 pair of gloves of Undesirable Species (worn) {rC+}
   (You found it in a Gauntlet)

   rC:        It protects you from cold.
 N - a +2 cloak of stealth (worn)
Jewellery
 f - a ring of protection from cold
 i - the ring "Ylocai" (left hand) {rPois rC- Will++ rCorr Int+4}
   (You found it on level 14 of the Dungeon)

   [ring of resist corrosion]

   Int:       It affects your intelligence (+4).
   rC:        It makes you vulnerable to cold.
   rPois:     It protects you from poison.
   rCorr:     It protects you from acid and corrosion.
   Will:      It greatly increases your willpower.
 n - a +4 ring of slaying
 C - a ring of protection from fire
 D - an amulet of regeneration
 K - a ring of protection from cold
 L - the ring "Lengiby" {rElec rPois rF+ rC+}
   (You bought it in a shop on level 3 of the Elven Halls)

   [ring of protection from fire]

   rF:        It protects you from fire.
   rC:        It protects you from cold.
   rElec:     It insulates you from electricity.
   rPois:     It protects you from poison.
 U - the amulet "Jyajumyg" (around neck) {Reflect rC++ Int+4 Dex+2 SH+5}
   (You bought it in a shop on level 3 of the Elven Halls)

   [amulet of reflection]

   It reflects blocked missile attacks.
   Int:       It affects your intelligence (+4).
   Dex:       It affects your dexterity (+2).
   rC:        It greatly protects you from cold.
   SH:        It affects your SH (+5).
 X - a +4 ring of slaying (right hand)
Wands
 v - a wand of iceblast (33)
 x - a wand of charming (16)
 y - a wand of mindburst (28)
 B - a wand of flame (52)
 I - a wand of paralysis (23)
 M - a wand of polymorph (17)
 S - a wand of acid (1)
Scrolls
 b - a scroll of silence
 l - 3 scrolls of vulnerability
 o - 10 scrolls of teleportation
 p - 2 scrolls of fog
 q - 3 scrolls of amnesia
 A - a scroll of enchant weapon
 E - 6 scrolls of summoning
 O - 9 scrolls of identify
 T - 6 scrolls of immolation
 V - a scroll of fear
Potions
 e - 4 potions of mutation
 g - 4 potions of cancellation
 j - a potion of resistance
 r - a potion of magic
 s - 5 potions of haste
 t - a potion of flight
 F - 2 potions of attraction
 G - a potion of ambrosia
 H - 7 potions of lignification
 Q - 5 potions of might
 W - 4 potions of invisibility
Miscellaneous
 d - a lightning rod (4/4)
 Y - a box of beasts
 Z - a phial of floods


   Skills:
 * Level 16.9 Fighting
 - Level 16.0 Long Blades
 + Level 11.7 Armour
 - Level 15.0 Shields
 - Level 1.0 Spellcasting
 - Level 2.6 Fire Magic
 + Level 11.9 Evocations


You had 17 spell levels left.
You knew the following spells:

 Your Spells              Type           Power      Damage    Failure   Level
a - Scorch                Fire           28%        2d6       41%         2

Your spell library contained the following spells:

 Spells                   Type           Power      Damage    Failure   Level
 Animate Skeleton         Necr           2%         N/A       65%         1
 Apportation              Tloc           2%         N/A       65%         1
 Summon Small Mammal      Summ           4%         N/A       65%         1
 Blink                    Tloc           N/A        N/A       78%         2
 Corpse Rot               Necr/Air       N/A        N/A       78%         2
 Ensorcelled Hibernation  Hex/Ice        2%         N/A       78%         2
 Slow                     Hex            1%         N/A       78%         2
 Static Discharge         Conj/Air       1%         N/A       78%         2
 Confusing Touch          Hex            1%         N/A       95%         3
 Dazzling Flash           Conj/Hex       2%         N/A       95%         3
 Lesser Beckoning         Tloc           1%         N/A       95%         3
 Ozocubu's Armour         Ice            1%         N/A       95%         3
 Spider Form              Tmut/Pois      0%         N/A       95%         3
 Tukima's Dance           Hex            1%         N/A       95%         3
 Vampiric Draining        Necr           0%         2d6       95%         3
 Flame Wave               Conj/Fire      7%         3d4       99%         4
 Sticky Flame             Conj/Fire      7%         2d3       99%         4
 Animate Armour           Summ/Erth      2%         N/A       100%        4
 Dispel Undead            Necr           1%         3d6       100%        4
 Iskenderun's Mystic Bla  Conj/Tloc      1%         2d3       100%        4
 Passage of Golubria      Tloc           N/A        N/A       100%        4
 Summon Ice Beast         Ice/Summ       1%         N/A       100%        4
 Alistair's Intoxication  Tmut/Pois      0%         N/A       100%        5
 Blade Hands              Tmut           0%         N/A       100%        5
 Freezing Cloud           Conj/Ice/Air   0%         6-21      100%        5
 Lightning Bolt           Conj/Air       0%         1d11      100%        5
 Manifold Assault         Tloc           1%         N/A       100%        5
 Metabolic Englaciation   Hex/Ice        0%         N/A       100%        5
 Silence                  Hex/Air        0%         N/A       100%        5
 Summon Mana Viper        Hex/Summ       1%         N/A       100%        5
 Yara's Violent Unravell  Hex/Tmut       0%         3d3       100%        5
 Death Channel            Necr           0%         N/A       100%        6
 Invisibility             Hex            0%         N/A       100%        6
 Iron Shot                Conj/Erth      0%         9d1       100%        6
 Simulacrum               Ice/Necr       0%         N/A       100%        6
 Starburst                Conj/Fire      3%         6d3       100%        6
 Monstrous Menagerie      Summ           0%         N/A       100%        7
 Spellforged Servitor     Conj/Summ      0%         N/A       100%        7
 Lehudib's Crystal Spear  Conj/Erth      0%         10d2      100%        8
 Maxwell's Capacitive Co  Air            0%         ∞         100%        8
 Polar Vortex             Ice            0%         N/A       100%        9


Dungeon Overview and Level Annotations

Branches:
Dungeon (15/15)            Temple (1/1) D:5            Lair (6/6) D:9
 Shoals (1/4) Lair:3        Snake (4/4) Lair:2          Orc (2/2) D:11
    Elf (3/3) Orc:2        Vaults (0/5) D:13         Depths (0/5) D:15
Gauntlet (visited)
  Slime: Lair:5-6

Altars:
Ashenzari
Dithmenos
Fedhas
Gozag
Kikubaaqudgha
Makhleb
Nemelex Xobeh
Okawaru
Qazlal
Ru
Sif Muna
Trog
Uskayaw
Vehumet
Wu Jian
Xom
Zin
The Shining One

Shops:
D:7 [   Orc:2 !(?=   Elf:2 (   Elf:3 =   Snake:1 *

Portals:
Pandemonium: Orc:2
Trove: D:10 (show slimy rune of Zot)

Annotations:
D:11 exclusion: door
D:13 2 transporters, RandomusNamus's ghost, novice FoFi
D:15 1 runed translucent door
Lair:4 exclusion: oklob plant
Lair:5 3 runed translucent doors, Devyomi's ghost, journeyman GrBe
Lair:6 exclusion: oklob plant
Elf:1 1 runed translucent door, robertstho's ghost, adept MiBe
Elf:2 5 runed translucent doors


Innate Abilities, Weirdness & Mutations

You have hooves in place of feet.
You are completely covered in large bone plates. (SH +8)
A powerful demonic guardian rushes to your aid.
You regenerate magic rapidly.
Your melee attacks may debilitate your foes.
Your hexes are more powerful.


Message History

You slip free of the water engulfing you.
Your lungs strain for air!
You feel very sick. You block the water elemental's attack.
You block the merfolk's attack.
The merfolk hits you from afar with a +0 trident!
* * * LOW HITPOINT WARNING * * *
You take 23 damage, and have 42/153 hp.
You slip free of the water engulfing you.
* * * LOW HITPOINT WARNING * * *
Your lungs strain for air!
You feel very sick. You block the water elemental's attack.
You block the merfolk's attack. x2
Things that are here:
a +4 rapier of speed; a +0 robe; a merfolk corpse You take 10 damage, and have 32/153 hp.
You completely miss the merfolk. You kick the merfolk!
The merfolk is heavily wounded.
* * * LOW HITPOINT WARNING * * *
A demonic guardian appears!
Your lungs strain for air!
You feel sick. You block the water elemental's attack.
You take 7 damage, and have 25/153 hp.
You hit the merfolk. Your kick misses the merfolk.
The merfolk is heavily wounded.
* * * LOW HITPOINT WARNING * * *
Your lungs strain for air!
You feel sick. You block the merfolk's attack. x2
You take 8 damage, and have 17/153 hp.
You slash the merfolk!
The merfolk looks weaker.
You kick the merfolk.
The merfolk is almost dead.
* * * LOW HITPOINT WARNING * * *
Your lungs strain for air!
You feel sick. You block the water elemental's attack.
Your cacodemon gestures at the water elemental.
The bolt of energy hits the water elemental!!
You block the merfolk's attack. The merfolk hits you with a +0 trident.
* * * LOW HITPOINT WARNING * * *
You take 12 damage, and have 5/153 hp.
You barely miss the water elemental. You kick the water elemental!
The water elemental is almost destroyed.
You die...
Fedhas appreciates your contribution to the ecosystem.

..#...≈≈≈≈≈≈≈....
.....≈≈≈≈≈≈≈≈....
≈≈..)≈≈≈≈≈≈≈≈....
≈≈≈..P≈≈≈≈≈≈≈...
≈≈≈..P≈≈..≈≈....## .
≈≈≈≈≈.≈≈≈...## ..## ##..
≈≈≈≈.....≈≈..###..#.....
≈≈..###......≈≈......P..
≈≈..# #...####2.@m......
≈...# #...# #..Em..≈≈..
≈.### ##..## ###....≈≈≈.
≈..## #...# ##...≈≈≈≈
P...####...# #...≈≈≈
≈≈.........### #..≈≈≈
≈P≈..........### #.≈≈.
≈≈≈≈......≈≈.... .≈≈≈
≈≈≈..###...≈..## .≈


You could see 2 merfolk, a water elemental (ally target) and a friendly
cacodemon (summoned).

Vanquished Creatures
  3 deep elf blademasters (Elf:3)
  A tengu reaver (D:14)
  Agnes (Elf:2)
  3 nagarajas
  Kirke (D:15)
  The ghost of Loulutte the Severer, a journeyman DDWr of Makhleb (D:15)
  9 deep elf sorcerers
  A frost giant (D:15)
  Louise (Elf:3)
  4 deep elf elementalists (Elf:3)
  8 deep elf annihilators
  7 deep elf demonologists
  Azrael (D:12)
  2 minotaurs
  An ettin (D:14)
  A deep elf death mage (Elf:3)
  7 deep elf high priests (Elf:3)
  Fannar (Orc:1)
  An ice dragon (D:15)
  3 fire dragons
  An ogre mage (D:14)
  8 hydras
  A rakshasa (D:15)
  A merfolk avatar (Lair:6)
  8 naga warriors
  5 centaur warriors
  A hell beast (Gauntlet)
  6 anacondas
  A catoblepas (Lair:6)
  An anaconda (shapeshifter) (Elf:2)
  A merfolk aquamancer (Shoals:1)
  18 dancing weapons
  2 two-headed ogres
  A death knight (D:13)
  5 orc high priests (Orc:2)
  9 death yaks
  4 tengu warriors (D:15)
  3 shock serpents
  7 naga sharpshooters
  A sun demon (Orc:2)
  Sonja (Lair:5)
  7 deep elf knights
  A fire crab (shapeshifter) (D:15)
  A sixfirhy (Orc:2)
  5 skeletal warriors
  4 sea snakes
  2 torturous demonspawn (Orc:2)
  5 naga ritualists
  26 deep elf pyromancers
  10 deep elf archers
  19 deep elf zephyrmancers
  A manticore (Lair:6)
  6 ugly things
  4 mana vipers
  8 orc knights
  7 orc sorcerers
  2 cyclopes
  5 elephants
  A salamander (Snake:4)
  A merfolk siren (Lair:3)
  7 naga magi
  4 guardian serpents
  A black mamba (shapeshifter) (D:15)
  24 black mambas
  A water nymph (Shoals:1)
  3 gargoyles
  10 cane toads
  An orange demon (Orc:2)
  15 rime drakes (Lair:6)
  9 komodo dragons
  2 freezing wraiths
  4 wind drakes (Lair:6)
  3 polar bears
  A polar bear (shapeshifter) (D:15)
  11 blink frogs
  A hornet (Lair:6)
  A meliai (D:15)
  5 trolls
  2 air elementals (Elf:1)
  6 flying skulls (Gauntlet)
  A spriggan (shapeshifter) (Elf:3)
  9 water elementals
  A shadow (D:11)
  30 yaks
  2 wyverns
  A vampire (D:13)
  5 basilisks
  A wraith (D:13)
  3 hogs (D:15)
  15 fire elementals
  A vampire mosquito (D:11)
  2 neqoxecs (Orc:2)
  16 humans (D:13)
  10 steam dragons
  A warg (Orc:2)
  22 nagas
  14 water moccasins
  3 hell hounds
  31 orc warriors
  An ice beast (D:6)
  2 hornet zombies
  A black bear (D:9)
  A necrophage (D:4)
  8 wolves
  6 ogres
  9 centaurs
  2 phantoms
  3 kobold brigands
  15 bullfrogs
  2 earth elementals (Elf:1)
  A scorpion (D:9)
  A water moccasin zombie (D:5)
  3 small abominations (Gauntlet)
  3 killer bees
  2 vampire bats
  5 wights
  4 electric eels (D:11)
  5 howler monkeys
  5 centaur zombies
  3 hounds
  4 jellies
  A bullfrog skeleton (D:5)
  21 orc priests
  17 orc wizards
  2 gnoll shamans
  2 iguanas (D:7)
  2 hell rats (Lair:3)
  2 killer bee zombies
  2 hound skeletons (D:4)
  Robin (D:2)
  11 gnolls
  12 adders
  10 river rats (Lair:3)
  A shadow imp (D:3)
  A worm (D:4)
  4 dart slugs
  3 fire bats (D:3)
  66 orcs
  2 spectral bats (D:3)
  A ball python (D:2)
  20 bats
  3 bat skeletons (D:3)
  A bat zombie (D:3)
  6 endoplasms
  3 giant cockroaches
  16 goblins
  7 hobgoblins
  17 kobolds
  4 quokkas
  A bat simulacrum (D:3)
  4 frilled lizards
  6 rats
871 creatures vanquished.

Vanquished Creatures (collateral kills)
  A nagaraja (Snake:4)
  A deep elf sorcerer (Elf:2)
  3 naga warriors
  An anaconda (Snake:4)
  A death yak (Lair:6)
  Urug (Lair:1)
  A soul eater (Orc:2)
  A skeletal warrior (D:10)
  A sea snake (Lair:6)
  2 deep elf pyromancers (Elf:2)
  2 orc sorcerers (Orc:2)
  A deep elf zephyrmancer (Elf:1)
  A mana viper (Snake:1)
  A merfolk siren (Lair:3)
  2 black mambas (Snake:1)
  2 naga magi
  A guardian serpent (Snake:4)
  A gargoyle (D:9)
  A cane toad (Lair:4)
  3 komodo dragons
  2 merfolk (Lair:3)
  A wind drake (Lair:6)
  2 blink frogs (Lair:4)
  A water elemental (Elf:2)
  8 yaks
  A vampire mosquito (D:11)
  An acid dragon (D:9)
  A naga (Snake:1)
  3 orc warriors
  A black bear (D:9)
  2 ogres (Orc:1)
  2 wolves (Lair:4)
  A kobold brigand (D:9)
  An earth elemental (Elf:2)
  A killer bee (D:9)
  A wight (D:8)
  2 howler monkeys (D:9)
  6 orc priests
  An orc wizard (D:9)
  An orc (Orc:1)
  2 kobolds (D:9)
69 creatures vanquished.

Vanquished Creatures (others)
  A deep elf pyromancer (Elf:1)
  A human (D:15)
  An orc (D:11)
  A bush (Elf:3)
  44 fungi
  84 plants
  6 toadstools (Lair:1)
138 creatures vanquished.

Grand Total: 1078 creatures vanquished

Notes
Turn   | Place    | Note
-------+----------+-------------------------------------------
     0 | D:1      | jasper the Demonspawn Cinder Acolyte began the quest for
                  | the Orb.
     0 | D:1      | Reached XP level 1. HP: 18/18 MP: 2/2
    58 | D:1      | Found a faded altar of an unknown god.
   546 | D:1      | Gained mutation: You have large cloven feet. [demonic
                  | ancestry]
   546 | D:1      | Reached XP level 2. HP: 22/24 MP: 3/3
  1753 | D:2      | Noticed Robin
  2191 | D:2      | Gained mutation: You regenerate magic rapidly. [demonic
                  | ancestry]
  2191 | D:2      | Reached XP level 3. HP: 29/29 MP: 4/4
  2503 | D:3      | Gained mutation: You are partially covered in large bone
                  | plates. (SH +4) [demonic ancestry]
  2503 | D:3      | Reached XP level 4. HP: 34/35 MP: 5/5
  2777 | D:3      | Reached skill level 5 in Long Blades
  2835 | D:3      | Gained mutation: A weak demonic guardian rushes to your
                  | aid. [demonic ancestry]
  2835 | D:3      | Reached XP level 5. HP: 41/41 MP: 6/6
  3285 | D:4      | Noticed a necrophage
  3552 | D:4      | Found a radiant altar of Vehumet.
  3739 | D:4      | Killed a necrophage
  3740 | D:4      | Gained mutation: A demonic guardian rushes to your aid.
                  | [demonic ancestry]
  3740 | D:4      | Reached XP level 6. HP: 39/47 MP: 7/7
  4540 | D:5      | Entered Level 5 of the Dungeon
  4631 | D:5      | Gained mutation: You have hoof-like feet. [demonic
                  | ancestry]
  4631 | D:5      | Reached XP level 7. HP: 47/52 MP: 8/8
  4969 | D:5      | Found a staircase to the Ecumenical Temple.
  5005 | Temple   | Entered the Ecumenical Temple
  6011 | D:6      | Reached XP level 8. HP: 21/58 MP: 9/9
  6276 | D:6      | Found an opulent altar of Gozag.
  6674 | D:6      | Reached skill level 10 in Long Blades
  6792 | D:6      | Gained mutation: A powerful demonic guardian rushes to your
                  | aid. [demonic ancestry]
  6792 | D:6      | Reached XP level 9. HP: 35/63 MP: 10/10
  7733 | D:2      | Killed Robin
  8618 | D:7      | Found Gozovaosh's Antique Armour Shoppe.
  8624 | D:7      | Bought a glowing chain mail for 225 gold pieces
  9495 | D:8      | Reached XP level 10. HP: 70/70 MP: 11/11
  9902 | D:8      | Noticed a centaur warrior
  9920 | D:8      | Killed a centaur warrior
 10063 | D:9      | Noticed a gargoyle
 10084 | D:9      | Killed a gargoyle
 10307 | D:9      | Found a staircase to the Lair.
 10318 | D:9      | Reached skill level 1 in Shields
 10592 | D:9      | Found a broken altar of Ashenzari.
 10743 | D:9      | Found a bloodstained altar of Trog.
 11472 | D:10     | Entered Level 10 of the Dungeon
 11591 | D:10     | Reached skill level 5 in Shields
 11593 | D:10     | Noticed a two-headed ogre
 11827 | D:10     | Found a portal to a secret trove of treasure.
 12068 | D:11     | Noticed a deep elf pyromancer
 12078 | D:11     | Paralysed by a deep elf pyromancer for 2 turns
 12081 | D:11     | Killed a deep elf pyromancer
 12082 | D:11     | Reached XP level 11. HP: 75/75 MP: 12/12
 12424 | Lair:1   | Entered Level 1 of the Lair of Beasts
 12461 | Lair:1   | Noticed Urug
 12505 | Lair:1   | Killed Urug
 13070 | Lair:1   | Reached skill level 15 in Long Blades
 13365 | Lair:1   | Noticed an oklob plant
 13683 | Lair:2   | Found a staircase to the Snake Pit.
 14411 | Lair:3   | Learned a level 2 spell: Scorch
 14624 | Lair:3   | Noticed an eight-headed hydra
 14638 | Lair:3   | Killed a three-headed hydra
 14639 | Lair:3   | Gained mutation: You are mostly covered in large bone
                  | plates. (SH +6) [demonic ancestry]
 14639 | Lair:3   | Reached XP level 12. HP: 57/81 MP: 13/13
 14839 | Lair:3   | Found a staircase to the Shoals.
 15386 | Lair:4   | Noticed a six-headed hydra
 15395 | Lair:4   | Killed a one-headed hydra
 15751 | Lair:4   | Noticed a six-headed hydra
 15767 | Lair:4   | Killed a one-headed hydra
 16013 | Lair:4   | Noticed a death yak
 16030 | Lair:4   | Noticed a death yak
 16031 | Lair:4   | Noticed a death yak
 16039 | Lair:4   | Noticed a death yak
 16042 | Lair:4   | Killed a death yak
 16043 | Lair:4   | Reached skill level 10 in Shields
 16055 | Lair:4   | Killed a death yak
 16063 | Lair:4   | Killed a death yak
 16076 | Lair:4   | Killed a death yak
 16850 | Lair:5   | Reached XP level 13. HP: 86/86 MP: 14/14
 17386 | Lair:5   | Found a runed translucent gate.
 17387 | Lair:5   | Found a runed translucent gate.
 17388 | Lair:5   | Found a runed translucent gate.
 17388 | Lair:5   | Noticed Devyomi's ghost (journeyman GrBe)
 17425 | Lair:5   | Noticed Sonja
 17440 | Lair:5   | Killed Sonja
 19088 | D:11     | Found a shimmering blue altar of Sif Muna.
 19211 | D:11     | Found a staircase to the Orcish Mines.
 19224 | Orc:1    | Entered Level 1 of the Orcish Mines
 19290 | Orc:1    | Noticed Fannar
 19303 | Orc:1    | Killed Fannar
 19706 | Orc:2    | Entered Level 2 of the Orcish Mines
 19706 | Orc:2    | Found a staircase to the Elven Halls.
 21017 | Orc:2    | Gained mutation: You sometimes lose the ability to read
                  | scrolls when taking damage. [a neqoxec]
 21353 | Orc:2    | Found Poesyrau's Distillery.
 21359 | Orc:2    | Found Xiobaf's Magic Scroll Emporium.
 21398 | Orc:2    | Lost mutation: You sometimes lose the ability to read
                  | scrolls when taking damage. [potion of mutation]
 21398 | Orc:2    | Gained mutation: You have hooves in place of feet. [potion
                  | of mutation]
 21406 | Orc:2    | Bought a potion of heal wounds for 75 gold pieces
 21406 | Orc:2    | Bought a potion of might for 60 gold pieces
 21406 | Orc:2    | Bought a potion of haste for 150 gold pieces
 21406 | Orc:2    | Bought a potion of cancellation for 120 gold pieces
 21406 | Orc:2    | Bought a potion of cancellation for 120 gold pieces
 21416 | Orc:2    | Bought a scroll of enchant weapon for 112 gold pieces
 21416 | Orc:2    | Bought a scroll of teleportation for 45 gold pieces
 21416 | Orc:2    | Bought a scroll of brand weapon for 300 gold pieces
 21416 | Orc:2    | Bought a scroll of enchant armour for 112 gold pieces
 21416 | Orc:2    | Bought a scroll of enchant weapon for 112 gold pieces
 21416 | Orc:2    | Bought a scroll of immolation for 52 gold pieces
 21971 | Orc:2    | Reached XP level 14. HP: 30/90 MP: 15/15
 22038 | Orc:2    | Paralysed by an orc sorcerer for 4 turns
 22257 | Orc:2    | Reached skill level 15 in Shields
 22315 | Orc:2    | Reached skill level 1 in Armour
 22341 | Orc:2    | Found Metov's Jewellery Shop.
 22341 | Orc:2    | Found Gexad's Antique Weapon Boutique.
 22342 | Orc:2    | Found a one-way gate leading to the halls of Pandemonium.
 22988 | Lair:6   | Entered Level 6 of the Lair of Beasts
 23164 | Lair:6   | Reached skill level 5 in Fighting
 23281 | Lair:6   | Reached skill level 1 in Evocations
 23493 | Lair:6   | Reached skill level 5 in Armour
 23809 | Lair:6   | Found the +8 trident of the Octopus King {venom, rElec
                  | rPois Will+}
 23822 | Lair:6   | Identified the +11 quarterstaff of Starshine {elec, rElec
                  | Str+3}
 24732 | D:12     | Noticed Azrael
 24744 | D:12     | Killed Azrael
 24745 | D:12     | Gained mutation: You are completely covered in large bone
                  | plates. (SH +8) [demonic ancestry]
 24745 | D:12     | Reached XP level 15. HP: 102/112 MP: 16/16
 25312 | D:13     | Found a gate to the Vaults.
 25536 | D:13     | Found a transporter.
 25561 | D:13     | Noticed RandomusNamus's ghost (novice FoFi)
 25565 | D:13     | Found a bloodstained altar of Trog.
 25574 | D:13     | Found a transporter.
 25712 | D:13     | Reached skill level 5 in Evocations
 26264 | D:14     | Found a shadowy altar of Dithmenos.
 26378 | D:14     | Reached skill level 10 in Fighting
 26458 | D:14     | Noticed a tengu reaver
 26467 | D:14     | Killed a tengu reaver
 26665 | D:14     | Identified the ring "Ylocai" {rPois rC- Will++ rCorr Int+4}
 27165 | D:15     | Entered Level 15 of the Dungeon
 27194 | D:15     | Found a gate leading to a gauntlet.
 27215 | D:15     | Found a runed translucent gate.
 27215 | D:15     | Found a runed translucent gate.
 27215 | D:15     | Found a runed translucent gate.
 27218 | D:15     | Noticed Loulutte's ghost (journeyman DDWr)
 27236 | D:15     | Killed Loulutte's ghost
 27284 | Gauntlet | Entered a Gauntlet
 27284 | Gauntlet | Found a transporter.
 27284 | Gauntlet | Found a transporter.
 27296 | Gauntlet | Found a transporter.
 27314 | Gauntlet | Found a transporter.
 27314 | Gauntlet | Found a transporter.
 27314 | Gauntlet | Found a transporter.
 27316 | Gauntlet | Found a transporter.
 27316 | Gauntlet | Found a transporter.
 27330 | Gauntlet | Found a transporter.
 27346 | Gauntlet | Found a transporter.
 27356 | Gauntlet | Found a transporter.
 27370 | Gauntlet | Found a transporter.
 27404 | Gauntlet | Found a transporter.
 27417 | Gauntlet | Found a transporter.
 27581 | Gauntlet | Identified the +3 pair of gloves of Undesirable Species
                  | {rC+}
 27649 | D:15     | Identified the amulet "Merosul" {RegenMP Int+2 Dex+8}
 27749 | D:15     | Noticed Kirke
 27764 | D:15     | Noticed a sphinx
 27764 | D:15     | Noticed a sphinx
 27765 | D:15     | Paralysed by a sphinx for 5 turns
 27771 | D:15     | Killed Kirke
 27917 | D:15     | Found a runed translucent door.
 27918 | D:15     | Noticed a frost giant
 27920 | D:15     | Noticed a tengu reaver
 28223 | D:15     | Found a staircase to the Depths.
 28223 | D:15     | Noticed a frost giant
 28233 | D:15     | HP: 5/119 [frost giant/bolt of cold (41)]
 28570 | D:15     | Killed a frost giant
 29032 | Snake:1  | Entered Level 1 of the Snake Pit
 29168 | Snake:1  | Gained mutation: Your hexes are more powerful. [demonic
                  | ancestry]
 29168 | Snake:1  | Reached XP level 16. HP: 89/127 MP: 17/17
 29211 | Snake:1  | Found Septow's Assorted Antiques.
 29218 | Snake:1  | Bought a scroll of teleportation for 96 gold pieces
 29236 | Snake:1  | Bought a fuming inky potion for 28 gold pieces
 30038 | Snake:1  | Identified the +9 quarterstaff of Xebralih {drain, rPois}
 30599 | Snake:1  | Found the +0 mask of the Dragon {Will+ Slay+3 SInv}
 30752 | Snake:4  | Entered Level 4 of the Snake Pit
 31111 | Snake:4  | HP: 6/131 [constriction (4)]
 31492 | Snake:4  | Got a serpentine rune of Zot
 31911 | D:1      | Fell from the grace of Ignis
 31911 | D:1      | Became a worshipper of Fedhas Madash
 31911 | D:1      | Reached * piety under Fedhas
 32294 | Elf:1    | Entered Level 1 of the Elven Halls
 32379 | Elf:1    | Mutation became permanent: You have hoof-like feet.
                  | [demonic ancestry]
 32379 | Elf:1    | Gained mutation: You have hooves in place of feet. [demonic
                  | ancestry]
 32379 | Elf:1    | Reached XP level 17. HP: 110/139 MP: 18/18
 32669 | Elf:1    | Reached ** piety under Fedhas
 32784 | Elf:1    | Paralysed by an air elemental for 1 turns
 32786 | Elf:1    | Paralysed by an air elemental for 1 turns
 32801 | Elf:1    | Reached skill level 10 in Armour
 33017 | Elf:1    | Reached skill level 10 in Evocations
 33075 | Elf:1    | You fall into a shaft and drop 1 floor!
 33140 | Elf:2    | You fall into a shaft and drop 1 floor!
 33140 | Elf:3    | Entered Level 3 of the Elven Halls
 33273 | Elf:2    | Reached *** piety under Fedhas
 33284 | Elf:2    | Reached skill level 15 in Fighting
 33300 | Elf:1    | Noticed robertstho's ghost (adept MiBe)
 33300 | Elf:1    | Found a runed translucent door.
 33799 | Elf:2    | Noticed Agnes
 33808 | Elf:2    | Killed Agnes
 33923 | Elf:2    | Found Beocw's Weapon Shop.
 34027 | Elf:2    | Found a huge runed translucent gate.
 34027 | Elf:2    | Found a huge runed translucent gate.
 34027 | Elf:2    | Found a huge runed translucent gate.
 34027 | Elf:2    | Found a huge runed translucent gate.
 34028 | Elf:2    | Found a huge runed translucent gate.
 34315 | Elf:2    | You fall into a shaft and drop 1 floor!
 34329 | Elf:3    | Was forgiven by Ignis
 34352 | Elf:3    | Found Supn's Jewellery Boutique.
 34402 | Elf:3    | Bought the amulet "Jyajumyg" {Reflect rC++ Int+4 Dex+2
                  | SH+5} for 1274 gold pieces
 34557 | Elf:3    | Noticed Louise
 34583 | Elf:3    | HP: 1/142 [Louise/bolt of lightning (12)]
 35106 | Elf:3    | Reached **** piety under Fedhas
 35301 | Elf:3    | Killed Louise
 35951 | Elf:3    | Noticed a deep elf blademaster
 35959 | Elf:3    | Killed a deep elf blademaster
 35960 | Elf:3    | Gained mutation: Your melee attacks may debilitate your
                  | foes. [demonic ancestry]
 35960 | Elf:3    | Reached XP level 18. HP: 44/151 MP: 19/19
 36258 | Elf:3    | Identified the +0 quarterstaff of Sin {vorpal, rN+ rCorr}
 36258 | Elf:3    | Identified the ring "Gesaps" {Will+ MP+9}
 36793 | Elf:3    | Reached ***** piety under Fedhas
 36929 | Elf:3    | Identified the +1 scimitar "Giantbane" {drain, rPois
                  | Stlth+}
 37107 | Elf:3    | Identified the +4 dagger "Beastslayer" {vorpal, rF+ rC+
                  | SInv}
 37607 | Elf:3    | Got Kopot's Reference Book on the Volcanoes and Battle
                  | Magic
 37955 | Elf:3    | Bought the ring "Lengiby" {rElec rPois rF+ rC+} for 953
                  | gold pieces
 38312 | Shoals:1 | Entered Level 1 of the Shoals
 38494 | Shoals:1 | HP: 5/153 [merfolk (5)]
 38495 | Shoals:1 | Drowned by a water elemental

Illustrated notes

Levels and vault maps discovered:
D:1:      sevenhm_arrival_forest_fort_large_2, layout_loops_ring,
          shapermc_ecumenical_altar_gd, chequers_serial_rivers_room_b
D:2:      layout_rooms, basic_altar, st_stairs_5, uniq_robin
D:3:      layout_loops_cross, gammafunk_temple_overflow_wave, goddamned_bats
D:4:      layout_gridville, nicolae_vehumet_radiance
D:5:      layout_gridville, minmay_temple_entry_statues_fountains,
          supply_closet_lemuel
D:6:      wander_river, layout_loops_ring, nicolae_gozag_seed_capital
D:7:      layout_basic, serial_shops, shop
D:8:      layout_loops_ring
D:9:      layout_stronghold, trog_hazing_becter, ashenzari_conservatory_becter,
          due_lair_maze_entry_diamond
D:10:     layout_cave_pools, enter_trove_6, minmay_misc_feat_pillars,
          corner_web_ring, kennysheep_potato
D:11:     layout_big_octagon, erik_orc_2, serial_column_ruins,
          column_ruins_columns_corner, column_ruins_grid_1,
          column_ruins_open_tiny_water, column_ruins_open_tiny, led_sif_book
D:12:     layout_irregular_city, roderic_batcave, hex_large,
          chequers_serial_rivers_micro_a, uniq_azrael
D:13:     layout_roguey, david_vaults_3, gammafunk_ghost_wrathful_warriors
D:14:     minmay_mutant_horseshoe, layout_basic, grunt_dithmenos_smoke,
          grunt_decor_junction
D:15:     grunt_enter_depths_snipers, layout_basic, interstate_on_off,
          gauntlet_entry_generic, maelrawn_ghost_gauntlet_escape,
          minmay_hidden_floor, uniq_kirke
Temple:   nicolae_temple_x_marks_the_god
Lair:1:   gammafunk_lair_enchanted_lake, layout_cave_pods, uniq_urug
Lair:2:   layout_chaotic_city, lemuel_fruit_tree
Lair:3:   layout_concentric_octagons, elwin_shoals_entry_stream,
          kennysheep_rathole
Lair:4:   layout_cave_pods, minmay_lair_oklob_bushes
Lair:5:   layout_roguey, gammafunk_ghost_split, grunt_megastairs_4, uniq_sonja
Lair:6:   gammafunk_lair_ancient_temple, layout_regular_city,
          minmay_slime_entry_oklob_enclosed, bobbens_dragon_lair_wall
Shoals:1: layout_shoals, nicolae_shoals_secluded_bog
Snake:1:  layout_layer_cave, serial_shops, nicolae_shop_overgrown_old_shop,
          nicolae_snake_storage_room
Snake:2:  layout_cave_town, portal_ice_cave_entry_frozen_things
Snake:3:  layout_cave_town, uniq_mlioglotl, uniq_nikola, uniq_vashnia
Snake:4:  grunt_snake_rune_pools, layout_cave_town, grunt_megastairs_5
Orc:1:    layout_caves, uniq_fannar
Orc:2:    pf_orc_diabolical, layout_caves
Elf:1:    eino_elf_arrival_sip, layout_gridlike, gammafunk_ghost_grave,
          hangedman_elf_represent
Elf:2:    elven_hall_of_blades_hangedman_alternative
          [nicolae_blade_little_rooms], layout_gridlike, serial_shops, shop,
          uniq_agnes
Elf:3:    minmay_elf_hall_not_hex, layout_geoelf_castle, serial_shops, shop,
          hangedman_corner_corridor, uniq_louise

Skill      XL: |  1  2  3  4  5  6  7  8  9 10 11 12 13 14 15 16 17 18 |
---------------+-------------------------------------------------------+-----
Long Blades    | 3 4 5 6 7 9 11 13 14 15 16 | 16.0
Shields        | 6 7 11 14 15 | 15.0
Armour         | 5 8 9 11 | 11.7
Fighting       | 8 11 14 15 16 | 16.9
Evocations     | 4 7 9 11 | 11.9
Spellcasting   | |  1.0
Fire Magic     | |  2.6

Action                   |  1- 3 |  4- 6 |  7- 9 | 10-12 | 13-15 | 16-18 || total
-------------------------+-------+-------+-------+-------+-------+-------++-------
Melee: Falchion          |   121 |    90 |   347 |   442 |    44 |       ||  1044
       Kick              |     9 |    21 |    75 |   186 |   297 |   225 ||   813
       Short sword       |       |    17 |       |       |       |       ||    17
       Double sword      |       |       |       |   448 |  1043 |   824 ||  2315
Throw: Stone             |    24 |    40 |    77 |   256 |   167 |     5 ||   569
       Dart              |       |     1 |    34 |       |       |       ||    35
Invok: Sea of Fire       |       |       |     1 |       |       |       ||     1
       Rising Flame      |       |       |       |       |       |     3 ||     3
Evoke: Wand              |       |       |     3 |    24 |    23 |     7 ||    57
       Lightning rod     |       |       |       |       |     4 |     8 ||    12
       Phial of floods   |       |       |       |       |       |     1 ||     1
       Box of beasts     |       |       |       |       |       |     1 ||     1
  Use: Scroll            |     3 |     5 |    11 |     9 |    15 |    13 ||    56
       Potion            |       |       |       |     8 |     3 |     3 ||    14
 Stab: Distracted        |       |       |       |       |       |     2 ||     2
       Sleeping          |       |       |       |       |       |     1 ||     1
Armor: Robe              |    24 |       |       |       |       |       ||    24
       Ring mail         |    34 |    43 |    16 |       |       |       ||    93
       Chain mail        |       |       |   124 |   354 |   220 |       ||   698
       Skin              |       |       |       |     8 |       |       ||     8
       Storm dragon scal |       |       |       |       |    52 |   230 ||   282
       Plate armour      |       |       |       |       |    12 |       ||    12
Dodge: Dodged            |    81 |    54 |    32 |   104 |    98 |    88 ||   457
Block: Other             |       |    15 |       |       |       |       ||    15
       Kite shield       |       |    35 |   196 |   638 |   978 |   900 ||  2747
       Reflection        |       |       |       |       |       |    18 ||    18

Table legend: (Time is in decaauts)
 A = Elapsed time spent in this place.
 B = Non-inter-level travel time spent in this place.
 C = Inter-level travel time spent in this place.
 D = Time resting spent in this place.
 E = Time spent auto-exploring this place.
 F = Levels seen in this place.
 G = Mean time per level.
                   A        B        C        D        E       F      G
               +--------+--------+--------+--------+--------+-----+--------+
         Total |  38150 |  34896 |   3254 |   7260 |  19379 |  33 | 1156.1 |
       Dungeon |  18629 |  16686 |   1943 |   2417 |  10339 |  15 | 1241.9 |
        Temple |    186 |    186 |      0 |    182 |      0 |   1 |  186.0 |
          Lair |   7328 |   6461 |    867 |    351 |   4527 |   6 | 1221.3 |
        Shoals |    185 |    185 |      0 |     56 |     94 |   1 |  185.0 |
     Snake Pit |   2408 |   2268 |    140 |    433 |   1175 |   4 |  602.0 |
  Orcish Mines |   3445 |   3346 |     99 |   1823 |    762 |   2 | 1722.5 |
   Elven Halls |   5630 |   5428 |    202 |   1997 |   2345 |   3 | 1876.7 |
      Gauntlet |    336 |    336 |      0 |      0 |    136 |   1 |  336.0 |
               +--------+--------+--------+--------+--------+-----+--------+

Top non-repeatable levels by time:
   Elf:3: 3183 daAuts
   Orc:2: 2899 daAuts
     D:1: 2243 daAuts
     D:9: 2053 daAuts
     D:6: 1691 daAuts
  Lair:1: 1628 daAuts
 Snake:1: 1619 daAuts
  Lair:4: 1551 daAuts
   Elf:2: 1398 daAuts
     D:5: 1344 daAuts
  Lair:6: 1310 daAuts
    D:11: 1292 daAuts
     D:3: 1284 daAuts
    D:15: 1262 daAuts
     D:4: 1207 daAuts
